 Dungeon Crawl Stone Soup version 0.22-a0-833-g8522bf8 (console) character file.

24 Jenz the Grasshopper (level 2, -1/22 HPs)
             Began as a Demonspawn Warper on July 25, 2018.
             Slain by Natasha (7 damage)
             ... on level 2 of the Dungeon.
             The game lasted 00:07:34 (1417 turns).

Jenz the Grasshopper (Demonspawn Warper)            Turns: 1417, Time: 00:07:35

Health: -1/22      AC:  3    Str: 11    XL:     2   Next: 79%
Magic:  2/5        EV: 12    Int: 14    God:
Gold:   56         SH:  0    Dex: 12    Spells: 1/5 levels left

rFire    . . .     SeeInvis .   a - +0 spear
rCold    . . .     Gourm    .   (no shield)
rNeg     . . .     Faith    .   b - +0 leather armour
rPois    .         Spirit   .   (no helmet)
rElec    .         Reflect  .   (no cloak)
rCorr    .         Harm     .   (no gloves)
MR       .....                  (no boots)
Stlth    +.........             (no amulet)
HPRegen  0.07/turn              (no ring)
MPRegen  0.09/turn              (no ring)

@: very slightly contaminated
A: talons 1
a: no special abilities


You were on level 2 of the Dungeon.
You were not hungry.

You visited 1 branch of the dungeon, and saw 2 of its levels.

You collected 56 gold pieces.

Inventory:

Hand Weapons
 a - a +0 spear (weapon)
Missiles
 c - 4 tomahawks
 e - 5 tomahawks of dispersal (quivered)
Armour
 b - a +0 leather armour (worn)
Potions
 g - a potion of brilliance
 h - a potion of curing {unknown}
 l - a potion of flight {unknown}
Comestibles
 f - 2 rations
 k - a chunk of flesh


   Skills:
 + Level 2.2 Fighting
 + Level 2.2 Polearms
 + Level 0.8 Throwing
 + Level 1.1 Armour
 + Level 2.0 Dodging
 + Level 2.2 Spellcasting
 + Level 2.6 Translocations


You had one spell level left.
You knew the following spells:

 Your Spells              Type           Power        Failure   Level  Hunger
a - Blink                 Tloc           N/A          16%         2    ###....
b - Shroud of Golubria    Chrm/Tloc      #.........   26%         2    ###....

Your spell library contained the following spells:

 Spells                   Type           Power        Failure   Level  Hunger
 Teleport Other           Tloc           #.......     30%         3    ###....
 Passage of Golubria      Tloc           N/A          69%         4    #####..
 Gell's Gravitas          Tloc           #.........   30%         3    ###....
 Lesser Beckoning         Tloc           #.........   30%         3    ###....


Dungeon Overview and Level Annotations

Branches:
Dungeon (2/15)

Altars:

Annotations:
D:2 Natasha, Terence


Innate Abilities, Weirdness & Mutations

You have sharp toenails.


Message History

You barely miss Natasha. You claw Natasha, but do no damage.
Natasha misses you.
The crimson imp blinks!
Your leather armour prevents you from hitting Natasha.
Your kick misses Natasha. Natasha completely misses you.
You hit Natasha but do no damage. You claw Natasha, but do no damage.
Natasha casts a spell.
You closely miss Natasha. Your kick misses Natasha.
Natasha claws you but does no damage.
You hit Natasha but do no damage. Natasha closely misses you.
You hit Natasha but do no damage. Natasha closely misses you.
You closely miss Natasha. Your kick misses Natasha.
Natasha casts a spell at you. The magic dart hits you!
* * * LOW HITPOINT WARNING * * *
You hit Natasha. Your kick misses Natasha.
Natasha is lightly wounded.
Natasha completely misses you.
You hit Natasha.
Natasha is heavily wounded.
Natasha claws you!
You die...

#.# #.# #.# #.####### ## ##
#.#...... .. .. #.#.....# #. #.
#.#.....# ####.# #.
#.#.....#### #.....### #. #.#
#......# #.......###. #)#
#..###.# #........... #.# #..#
#@# #.......###. #.###..###h#
#.......# #.
#####.....5@.K5....#.......# #.
#..........#########.......# #.
#.###.##...#####.###.##..#####.
#.##.55.@....[.............
#.##...K...................
#.##..######...............
#†...5..h.5.<.....5..#####.
#.##.....5.#.###.##..##<##.
#.##.......5>.........5...5


You could see Natasha, a shadow imp and a kobold.

Vanquished Creatures
  A worm (D:2)
  A dart slug (D:1)
  2 bats (D:1)
  2 giant cockroaches
  A goblin (D:1)
  3 hobgoblins (D:1)
  5 kobolds (D:1)
  2 rats
17 creatures vanquished.

Notes
Turn   | Place    | Note
-------+----------+-------------------------------------------
     0 | D:1      | Jenz the Demonspawn Warper began the quest for the Orb.
     0 | D:1      | Reached XP level 1. HP: 16/16 MP: 3/3
   439 | D:1      | Gained mutation: You have sharp toenails. [demonic ancestry]
   439 | D:1      | Reached XP level 2. HP: 13/22 MP: 5/5
  1083 | D:1      | Learned a level 2 spell: Blink
  1086 | D:1      | Learned a level 2 spell: Shroud of Golubria
  1234 | D:2      | Reached skill level 1 in Armour
  1365 | D:2      | Noticed Terence
  1366 | D:2      | Noticed Natasha
  1385 | D:2      | Noticed a crimson imp
  1386 | D:2      | Noticed a crimson imp
  1394 | D:2      | Noticed a crimson imp
  1417 | D:2      | Slain by Natasha

Vault maps used:
D:1:      shiori_arrival_maze
D:2:      kennysheep_okawaru_gauntlet, first_ration, minmay_shallow_snake_nest,
          uniq_robin, uniq_terence, uniq_natasha

Skill      XL: |  1  2 |
---------------+-------+-----
Dodging        | 2 |  2.0
Polearms       | 2 |  2.2
Armour         | 1 |  1.1
Fighting       | |  2.2
Throwing       | |  0.8
Spellcasting   | |  2.2
Translocations | |  2.6

Action                   || total
-------------------------++-------
Melee: Spear             ||    84
       Kick              ||    13
 Cast: Blink             ||     2
  Use: Scroll            ||     6
 Stab: Sleeping          ||     1
  Eat: Ration            ||     1
Armor: Leather armour    ||    22
Dodge: Dodged            ||    45

Table legend:
 A = Spawn XP
 B = Non-spawn XP
 C = Spawn XP percentage of total XP
 D = Spawn monster count
 E = Non-spawn monster count
 F = Spawn count percentage of total count
 G = Total turns spent on level
                    A         B        C        D         E        F      G
               +---------+---------+-------+---------+---------+-------+---------
         Total |       0 |      35 |   0.0 |       0 |      17 |   0.0 |  1417
               +---------+---------+-------+---------+---------+-------+---------
           D:1 |       0 |      27 |   0.0 |       0 |      14 |   0.0 |  1197
           D:2 |       0 |       8 |   0.0 |       0 |       3 |   0.0 |   220
               +---------+---------+-------+---------+---------+-------+---------
